 Dungeon Crawl Stone Soup version 0.20.0-10-g0535bb4 (webtiles) character file.

317364 grindst0ne the Tortoise (level 21, -3/144 HPs)
             Began as a Gargoyle Fighter on June 7, 2017.
             Was the Champion of Okawaru.
             Slain by a vault warden
             ... wielding a +1 vampiric glaive
              (13 damage)
             ... on level 4 of the Vaults.
             The game lasted 03:11:50 (54033 turns).

grindst0ne the Tortoise (Gargoyle Fighter)         Turns: 54033, Time: 03:11:50

Health: -3/144     AC: 66    Str: 22    XL:     21   Next: 42%
Magic:  24/24      EV: 23    Int: 16    God:    Okawaru [******]
Gold:   2976       SH:  0    Dex: 24    Spells: 20/20 levels left

rFire    . . .     SeeInvis .   Z - +1 demon whip of Armageddon {freeze, MR+}
rCold    . . .     Gourm    .   c - +0 shield
rNeg     + . .     Faith    +   E - +8 orange crystal plate armour {Archmagi, Int+3 Clar}
rPois    ∞         Spirit   .   j - +1 helmet {Int+3}
rElec    +         Reflect  .   O - scarf {repulsion}
rCorr    .         Harm     .   h - +2 pair of gloves {Dex+3}
MR       +++..     Clarity  +   y - +0 pair of boots
Stlth    ..........             X - amulet "Hentie" {Faith rPois}
Regen    0.4/turn               n - ring of Kiuc {MR+ Stlth+}
MPRegen  0.2/turn               L - +4 ring of protection

@: confused, agile, about to teleport, heroism, flying, very slightly
contaminated, invisible, repel missiles
A: big wings, negative energy resistance 1, electricity resistance, unbreathing,
petrification resistance, rot immunity, AC +15
}: 2/15 runes: barnacled, gossamer
a: Stop Flying, Heroism, Finesse, Renounce Religion


You were on level 4 of the Vaults.
You worshipped Okawaru.
Okawaru was exalted by your worship.
You were very hungry.

You visited 7 branches of the dungeon, and saw 36 of its levels.
You visited the Abyss 1 time.
You also visited: Sewer.

You collected 3418 gold pieces.
You spent 442 gold pieces at shops.

Inventory:

Hand Weapons
 K - a +1 eveningstar of pain
 Z - the +1 demon whip of Armageddon (weapon) {freeze, MR+}
   (Okawaru gifted it to you on level 3 of the Abyss)

   It has been specially enchanted to freeze those struck by it, causing extra
   injury to most foes and up to half again as much damage against particularly
   susceptible opponents.
   It can also slow down cold-blooded creatures.
   It affects your resistance to hostile enchantments.
Armour
 c - a +0 shield (worn)
 h - a +2 pair of gloves of dexterity (worn)
 j - a +1 helmet of intelligence (worn)
 l - the +7 plate armour "Onwol" {rElec rC+ Dex+4}
   (You found it on level 15 of the Dungeon)

   It affects your dexterity (+4).
   It protects you from cold.
   It insulates you from electricity.
 y - a +0 pair of boots (worn)
 E - the +8 orange crystal plate armour (worn) {Archmagi, Int+3 Clar}
   (You found it on level 11 of the Dungeon)

   It affects your intelligence (+3).
   It protects you against confusion.
 O - a scarf of repulsion (worn)
Jewellery
 n - the ring of Kiuc (left hand) {MR+ Stlth+}
   (You acquired it on level 5 of the Lair of Beasts)

   [ring of stealth]

   It affects your resistance to hostile enchantments.
   It makes you more stealthy.
 w - an uncursed ring of resist corrosion
 L - a +4 ring of protection (right hand)
 X - the amulet "Hentie" (around neck) {Faith rPois}
   (You found it on level 12 of the Dungeon)

   [amulet of faith]

   It allows you to gain divine favour quickly.
   It protects you from poison.
Wands
 x - a wand of iceblast (0/15)
 z - a wand of polymorph (4/24)
 C - a wand of flame (9/48)
 G - a wand of digging (8/24)
 H - a wand of disintegration (0/24)
 J - a wand of paralysis (13/24)
 Q - a wand of enslavement (10/24)
Scrolls
 a - 3 scrolls of recharging
 b - 6 scrolls of identify
 d - 3 scrolls of blinking
 g - 12 scrolls of remove curse
 m - 10 scrolls of teleportation
 o - 3 scrolls of fog
 r - 7 scrolls of magic mapping
 v - 5 scrolls of enchant weapon
 D - 4 scrolls of fear
 N - 11 scrolls of enchant armour
 W - a scroll of holy word
Potions
 k - a potion of agility
 s - 6 potions of lignification
 u - 10 potions of mutation
 F - 3 potions of berserk rage
 M - 6 potions of haste
 P - a potion of resistance
 R - 5 potions of might
 S - 5 potions of ambrosia
 T - a potion of invisibility
Miscellaneous
 e - a lamp of fire
 q - a phantom mirror
 I - 2 boxes of beasts
 V - a lightning rod (4/4)
Comestibles
 i - 2 bread rations
 p - 15 meat rations
 t - 42 fruits
 A - 18 royal jellies


   Skills:
 - Level 19.1(24.1) Fighting
 - Level 16.1(21.1) Maces & Flails
 + Level 20.1(25.1) Armour
 + Level 13.8(18.8) Dodging
 - Level 15.0(20.0) Shields
 - Level 5.0 Invocations
 - Level 3.1 Evocations


You had 20 spell levels left.
You didn't know any spells.

Dungeon Overview and Level Annotations

Branches:
Dungeon (15/15)            Temple (1/1) D:6            Lair (6/6) D:11
 Shoals (4/4) Lair:2       Spider (4/4) Lair:3        Slime (0/5) Lair:5
    Orc (2/2) D:12            Elf (0/3) Orc:2        Vaults (4/5) D:14
  Crypt (0/3) Vaults:2     Depths (0/5) D:15

Altars:
Ashenzari
Cheibriados
Dithmenos
Elyvilon
Fedhas
Gozag
Hepliaklqana
Kikubaaqudgha
Makhleb
Nemelex Xobeh
Okawaru
Qazlal
Ru
Sif Muna
Trog
Uskayaw
Vehumet
Xom
Yredelemnul
Zin
The Shining One
Beogh

Shops:
D:14 }   Orc:1 [   Orc:2 =%!(   Vaults:4 *

Portals:
Trove: D:11 (give 8 potions of agility)


Innate Abilities, Weirdness & Mutations

You are resistant to torment.
Your stone body is resilient. (AC +15)
You are immune to poison.
Your large and strong wings let you fly indefinitely.
You resist negative energy. (rN+)
You are resistant to electric shocks. (rElec)
You can survive without breathing.
You are immune to petrification.
You are immune to rotting.


Message History

The ironbrand convoker casts a spell at the ironbrand convoker.
The ironbrand convoker seems to grow stronger.
Okay, then.
Okay, then.
Okay, then.
Press: ? - help, v - describe, . - travel, g - get item
Here: a fire dragon (unusually strong)
A great mace.
There is something else lying underneath.
The floor, spattered with blood.
You fade into invisibility!
You block the deep troll's attack. x2; The deep troll misses you.
The yaktaur misses you. The ironbrand convoker misses you.
The fire dragon barely misses you. The fire dragon misses you.
You block the fire dragon's attack.
You are very lightly contaminated with residual magic.
You are confused.
You feel invigorated.
The vault warden hits you with a vampiric glaive!
You die...

################'######
.### #.......... #..##
#.......... ###.#
##+######## #.#
#.......... ###.#
#.......... #..##
###p######## .###
#.pTD....... ##
#.p@c.......
##+######### .. #.. ###


You could see a fire dragon, a vault warden, a deep troll, 2 ironbrand convokers
and a yaktaur.

Vanquished Creatures
  Mara (Spider:2)
  Bai Suzhen (Shoals:4)
  Arachne (Spider:1)
  Jorgrun (Spider:2)
  Rupert (D:12)
  Frances (Shoals:1)
  A kraken (Shoals:3)
  A sphinx (Vaults:3)
  2 tentacled starspawn (Abyss:3)
  Kirke (D:12)
  Roxanne (Spider:1)
  A frost giant (Vaults:4)
  4 ghost moths
  Louise (D:15)
  Aizul (Vaults:2)
  9 vault wardens
  6 emperor scorpions
  14 ironheart preservers
  2 very ugly things
  4 stone giants
  A lorocyproca (Abyss:3)
  9 entropy weavers
  5 dire elephants (Lair:6)
  2 spark wasps (Spider:3)
  An ettin (Vaults:2)
  The ghost of kuniqs the Protected, a journeyman GrFi of Ru (Lair:5)
  The ghost of kalagan the Thaumaturge, a journeyman GrEE of Qazlal (Lair:2)
  A fire dragon (Vaults:1)
  4 merfolk javelineers
  9 vault guards
  10 merfolk impalers
  13 ogre magi
  5 yaktaur captains
  Erolcha (D:9)
  3 great orbs of eyes
  An anaconda (Lair:6)
  2 ice dragons
  6 merfolk avatars
  6 hydras
  2 rakshasas
  2 alligator snapping turtles (Shoals:4)
  2 catoblepae
  The ghost of Rakdos the Cleaver, a novice MiBe of Trog (D:10)
  6 centaur warriors
  3 satyrs
  2 death knights
  A deep troll shaman (Vaults:1)
  6 merfolk aquamancers
  A deep troll earth mage (Vaults:3)
  23 two-headed ogres
  A tengu warrior (D:14)
  An orc high priest (Orc:2)
  2 wretched stars (Abyss:3)
  4 skeletal warriors
  5 sea snakes
  A shadow wraith (Vaults:4)
  A swamp dragon (shapeshifter) (D:14)
  A wizard (Vaults:2)
  2 glowing orange brains (Vaults:4)
  An unseen horror (shapeshifter) (Vaults:4)
  6 unseen horrors
  16 deep trolls
  A phantasmal warrior (Vaults:4)
  10 ironbrand convokers
  18 orc knights
  Pikel (D:4)
  14 harpies
  15 orb spiders
  2 necromancers
  A lindwurm (Lair:6)
  2 salamanders (shapeshifter)
  5 deep elf magi
  44 wolf spiders
  16 ugly things
  A shining eye (shapeshifter) (D:15)
  16 manticores
  12 fauns
  An orc sorcerer (Orc:2)
  5 cyclopes
  A sphinx skeleton (Vaults:4)
  10 elephants
  A salamander (D:15)
  10 merfolk sirens
  11 vault sentinels
  Joseph (D:9)
  3 torpor snails
  Maurice (D:9)
  2 moths of wrath (Spider:4)
  A black mamba (Lair:2)
  A smoke demon (Abyss:4)
  6 water nymphs
  Psyche (D:12)
  A frost giant skeleton (Vaults:3)
  A rime drake (shapeshifter) (D:9)
  A yaktaur zombie (Vaults:4)
  2 gargoyles
  10 komodo dragons
  6 spiny frogs
  26 yaktaurs
  A kobold demonologist (D:15)
  An ancient zyme (Abyss:3)
  A tormentor (Abyss:3)
  A redback zombie (D:14)
  18 demonic crawlers
  2 rime drakes
  3 freezing wraiths
  2 trolls (shapeshifter)
  A yaktaur skeleton (Vaults:4)
  A human skeleton (Vaults:3)
  29 merfolk
  24 jumping spiders
  A queen bee (D:11)
  8 trolls
  A meliai (D:8)
  5 polar bears
  A sphinx simulacrum (Vaults:3)
  4 wind drakes
  A raiju (shapeshifter) (Vaults:4)
  A blink frog (shapeshifter) (Vaults:3)
  3 blink frogs (Lair:2)
  11 hornets
  A large abomination (Abyss:3)
  24 slime creatures
  21 hippogriffs
  2 stone giant simulacra
  2 dream sheep (Shoals:4)
  10 snapping turtles
  A fire giant simulacrum (Vaults:2)
  9 flying skulls (Abyss:3)
  2 shadows
  23 tarantellas
  18 water elementals
  Sigmund (D:4)
  94 redbacks
  A spriggan (shapeshifter) (Vaults:3)
  2 spriggans (Lair:1)
  An air elemental (Abyss:4)
  2 hogs (D:12)
  A vampire (D:15)
  7 basilisks
  4 wyverns
  A fire bat (shapeshifter) (Vaults:1)
  44 yaks
  2 hogs (shapeshifter)
  3 hungry ghosts
  5 vampire mosquitoes
  2 human simulacra (Vaults:4)
  A warg (Vaults:3)
  3 acid dragons
  11 water moccasins
  44 orc warriors
  2 ice beasts
  9 porcupines
  3 sky beasts
  4 phantoms
  2 slaves (D:4)
  An ettin simulacrum (Vaults:2)
  2 black bears
  44 ogres
  An eye of draining (D:15)
  The ghost of pichaelthompson the Skirmisher, an amateur DsGl (D:3)
  7 boggarts
  13 wolves
  25 centaurs
  10 crocodiles
  3 big kobolds
  21 bullfrogs
  2 small abominations (Abyss:3)
  A wyvern zombie (D:14)
  2 wyvern skeletons
  2 scorpions
  The ghost of dscm the Chopper, a weakling MiGl (D:4)
  18 wights
  32 killer bees
  8 howler monkeys
  An electric eel (Spider:4)
  9 crimson imps
  3 centaur zombies
  12 jellies
  2 bullfrog zombies
  3 centaur skeletons
  5 hounds
  23 orc wizards
  22 orc priests
  Crazy Yiuf (D:2)
  3 iguanas
  An iron imp (Abyss:3)
  Jessica (D:2)
  2 bullfrog skeletons
  12 worker ants
  A hound zombie (D:9)
  2 hound skeletons
  A worker ant zombie (D:8)
  12 adders
  8 gnolls
  8 shadow imps
  2 white imps (Abyss:3)
  2 oozes
  An adder skeleton (D:5)
  An adder zombie (D:5)
  2 worms
  2 dart slugs (D:3)
  10 leopard geckos
  93 orcs
  2 ball pythons (Sewer)
  10 bats
  15 giant cockroaches
  9 goblins
  9 hobgoblins
  13 jackals
  18 kobolds
  6 quokkas
  A ball python zombie (D:5)
  12 frilled lizards
  A jackal zombie (D:5)
  2 leopard gecko skeletons
  A leopard gecko zombie (D:9)
  9 rats
  3 fungi
  7 plants
  4 tentacles (Shoals:3)
1528 creatures vanquished.

Vanquished Creatures (collateral kills)
  A yaktaur (Vaults:3)
1 creature vanquished.

Vanquished Creatures (others)
  A sea snake (Shoals:3)
  A redback (Spider:4)
  A human (D:12)
  An ogre (Vaults:3)
  A bullfrog (D:12)
  A wight (D:12)
  2 orc wizards
  An adder (D:6)
  2 orcs
  A giant cockroach (D:4)
  A fungus (Lair:1)
  14 plants
  11 starspawn tentacles (Abyss:3)
  18 tentacles (Shoals:3)
56 creatures vanquished.

Grand Total: 1585 creatures vanquished

Notes
Turn   | Place    | Note
-------+----------+-------------------------------------------
     0 | D:1      | grindst0ne the Gargoyle Fighter began the quest for the Orb.
     0 | D:1      | Reached XP level 1. HP: 14/14 MP: 1/1
    86 | D:1      | Reached XP level 2. HP: 14/19 MP: 2/2
   271 | D:1      | Reached XP level 3. HP: 24/24 MP: 3/3
   474 | D:2      | Noticed Jessica
   482 | D:2      | Killed Jessica
   482 | D:2      | Reached XP level 4. HP: 23/29 MP: 4/4
   594 | D:2      | Found a burning altar of Makhleb.
   654 | D:2      | Found a glowing golden altar of the Shining One.
  1099 | D:2      | Reached XP level 5. HP: 13/34 MP: 5/5
  1140 | D:2      | Found a sacrificial altar of Ru.
  1724 | D:2      | Found a runed door.
  1729 | D:2      | Noticed Crazy Yiuf
  1732 | D:2      | Killed Crazy Yiuf
  1790 | D:3      | Reached skill level 5 in Fighting
  1793 | D:3      | Noticed pichaelthompson's ghost (amateur DsGl)
  1812 | D:3      | Killed pichaelthompson's ghost
  1812 | D:3      | Reached skill level 5 in Shields
  1812 | D:3      | Reached XP level 6. HP: 36/40 MP: 6/6
  2647 | D:3      | Reached XP level 7. HP: 24/44 MP: 7/7
  3051 | D:4      | Found a glowing drain.
  3072 | Sewer    | Entered a sewer
  3315 | Sewer    | Reached skill level 5 in Maces & Flails
  3713 | D:4      | Noticed dscm's ghost (weakling MiGl)
  3714 | D:4      | Noticed Sigmund
  3746 | D:4      | Killed dscm's ghost
  3822 | D:4      | Killed Sigmund
  3822 | D:4      | Reached XP level 8. HP: 52/52 MP: 8/8
  4098 | D:4      | Noticed Pikel
  4116 | D:4      | Killed Pikel
  4220 | D:4      | Reached XP level 9. HP: 55/59 MP: 9/9
  4598 | D:5      | Entered Level 5 of the Dungeon
  4904 | D:5      | Found a white marble altar of Elyvilon.
  5552 | D:6      | Found a staircase to the Ecumenical Temple.
  5607 | Temple   | Entered the Ecumenical Temple
  5786 | Temple   | Became a worshipper of Warmaster Okawaru
  6581 | D:7      | Reached * piety under Okawaru
  6918 | D:7      | Reached XP level 10. HP: 16/66 MP: 10/10
  7846 | D:8      | Reached ** piety under Okawaru
  8025 | D:8      | Reached skill level 10 in Shields
  8300 | D:8      | Found a glowing silver altar of Zin.
  8380 | D:8      | Noticed a two-headed ogre
  8383 | D:8      | Reached skill level 1 in Invocations
  8388 | D:8      | Killed a two-headed ogre
  8388 | D:8      | Reached skill level 10 in Fighting
  8584 | D:8      | Reached *** piety under Okawaru
  8965 | D:9      | Noticed a manticore
  8965 | D:9      | Noticed a skeletal warrior
  8981 | D:9      | Noticed an orc knight
  9000 | D:8      | Killed a skeletal warrior
  9000 | D:8      | Reached XP level 11. HP: 25/73 MP: 13/13
  9243 | D:8      | Killed an orc knight
  9445 | D:9      | Killed a manticore
  9445 | D:9      | Reached **** piety under Okawaru
  9654 | D:9      | Reached skill level 5 in Invocations
  9675 | D:9      | Noticed Erolcha
  9688 | D:9      | Killed Erolcha
  9688 | D:9      | Reached skill level 1 in Evocations
  9992 | D:9      | Noticed Maurice
 10056 | D:9      | Paralysed by something for 3 turns
 10059 | D:9      | Killed Maurice
 10059 | D:9      | Reached skill level 10 in Maces & Flails
 10558 | D:9      | Noticed Joseph
 10578 | D:9      | Killed Joseph
 10724 | D:10     | Entered Level 10 of the Dungeon
 10812 | D:10     | Reached ***** piety under Okawaru
 10922 | D:10     | Received a gift from Okawaru
 10975 | D:10     | Noticed Rakdos's ghost (novice MiBe)
 11719 | D:10     | Killed Rakdos's ghost
 13169 | D:10     | Killed an unseen horror
 13169 | D:10     | Reached skill level 1 in Dodging
 13169 | D:10     | Reached XP level 12. HP: 65/80 MP: 15/15
 15115 | D:11     | Found a staircase to the Lair.
 15585 | D:11     | Found a portal to a secret trove of treasure.
 15888 | Lair:1   | Entered Level 1 of the Lair of Beasts
 16888 | Lair:2   | Found a staircase to the Shoals.
 16945 | Lair:2   | Received a gift from Okawaru
 17016 | Lair:2   | Reached XP level 13. HP: 74/87 MP: 14/16
 17182 | Lair:2   | Noticed kalagan's ghost (journeyman GrEE)
 17863 | Lair:2   | Killed kalagan's ghost
 18319 | Lair:3   | Identified the +5 scale mail of Poinwocs {-Cast rPois rC+++ rCorr} (You found it on level 3 of the Lair of Beasts)
 18454 | Lair:3   | Received a gift from Okawaru
 18476 | Lair:3   | Got a crystal great mace {god gift}
 18482 | Lair:3   | Identified the +2 great mace of Desperation {venom, +Rage Str+6} (Okawaru gifted it to you on level 3 of the Lair of Beasts)
 18621 | Lair:3   | Found a hole to the Spider Nest.
 18630 | Lair:3   | Reached skill level 4 in Armour
 19974 | Lair:5   | Identified the +3 scale mail of Fedhas's Benevolence {rPois rCorr SInv} (You found it on level 5 of the Lair of Beasts)
 19977 | Lair:5   | Identified a scroll of acquirement
 19994 | Lair:5   | Got a flickering amber ring
 19997 | Lair:5   | Identified the ring of Kiuc {MR+ Stlth+} (You acquired it on level 5 of the Lair of Beasts)
 20167 | Lair:5   | Noticed kuniqs's ghost (journeyman GrFi)
 20168 | Lair:5   | Found a staircase to the Slime Pits.
 20208 | Lair:4   | Reached skill level 5 in Armour
 20327 | Lair:5   | Killed kuniqs's ghost
 20709 | Lair:6   | Entered Level 6 of the Lair of Beasts
 20865 | Lair:6   | Received a gift from Okawaru
 21041 | Lair:6   | Gained mutation: Your large and strong wings let you fly indefinitely. [Gargoyle growth]
 21041 | Lair:6   | Reached XP level 14. HP: 87/95 MP: 17/17
 21211 | Lair:6   | Reached skill level 6 in Armour
 22072 | Lair:6   | Noticed a dire elephant
 22083 | Lair:6   | Killed a dire elephant
 22230 | Lair:6   | Noticed a dire elephant
 22245 | Lair:6   | Killed a dire elephant
 22354 | Lair:6   | Noticed a dire elephant
 22354 | Lair:6   | Noticed a dire elephant
 22364 | Lair:6   | Killed a dire elephant
 22364 | Lair:6   | Reached skill level 7 in Armour
 22392 | Lair:6   | Killed a dire elephant
 22531 | Lair:6   | Noticed a dire elephant
 22555 | Lair:6   | Killed a dire elephant
 22800 | D:12     | Found a staircase to the Orcish Mines.
 22800 | D:12     | Noticed Rupert
 22830 | D:12     | Killed Rupert
 22887 | D:12     | You are sucked into a shaft for 2 floors!
 22921 | D:14     | Found Dousiruh's Gadget Shoppe.
 22991 | D:14     | Received a gift from Okawaru
 23229 | D:14     | Reached skill level 8 in Armour
 23419 | D:14     | Got a faintly humming chain mail
 23430 | D:14     | Identified the +4 chain mail of Liberty {rCorr Int+3} (You found it on level 14 of the Dungeon)
 23555 | D:14     | Reached skill level 15 in Shields
 23788 | D:12     | Noticed Psyche
 23792 | D:12     | Killed Psyche
 23919 | D:12     | Got a translucent ruby amulet
 23920 | D:12     | Identified the amulet "Hentie" {Faith rPois} (You found it on level 12 of the Dungeon)
 24048 | D:12     | Noticed Kirke
 24068 | D:12     | Killed Kirke
 24068 | D:12     | Received a gift from Okawaru
 24370 | D:12     | Reached XP level 15. HP: 85/101 MP: 18/18
 24491 | D:12     | Identified Qallux's Grimoire of the Toxic Volcanoes
 24594 | D:13     | Reached skill level 9 in Armour
 24844 | D:13     | Reached skill level 15 in Fighting
 26183 | D:14     | Received a gift from Okawaru
 26205 | D:14     | Reached ****** piety under Okawaru
 26216 | D:14     | Found a gate to the Vaults.
 26251 | D:14     | Reached skill level 10 in Armour
 26326 | D:15     | Entered Level 15 of the Dungeon
 26387 | D:15     | Got a translucent plate armour
 26516 | D:15     | Noticed Louise
 26549 | D:15     | Cast into level 3 of the Abyss (Louise)
 26549 | Abyss:3  | Found a corrupted altar of Lugonu.
 26607 | Abyss:3  | Found a corrupted altar of Lugonu.
 26619 | Abyss:3  | Noticed a tentacled starspawn
 26650 | Abyss:3  | Killed a tentacled starspawn
 26747 | Abyss:3  | Noticed a tentacled starspawn
 26749 | Abyss:3  | Found a corrupted altar of Lugonu.
 26779 | Abyss:3  | Killed a tentacled starspawn
 26781 | Abyss:3  | Received a gift from Okawaru
 26782 | Abyss:3  | Got a faintly glowing demon whip {god gift}
 26784 | Abyss:3  | Identified the +1 demon whip of Armageddon {freeze, MR+} (Okawaru gifted it to you on level 3 of the Abyss)
 26849 | Abyss:3  | Found a corrupted altar of Lugonu.
 27165 | D:15     | Escaped the Abyss
 27190 | D:15     | Killed Louise
 27537 | D:15     | Received a gift from Okawaru
 27646 | D:15     | Reached skill level 11 in Armour
 28829 | D:15     | Reached XP level 16. HP: 107/110 MP: 16/19
 28873 | D:15     | Found a staircase to the Depths.
 29131 | Orc:1    | Entered Level 1 of the Orcish Mines
 29184 | Orc:1    | Found Icsooloq's Armour Shoppe.
 29265 | Orc:2    | Entered Level 2 of the Orcish Mines
 29382 | Orc:2    | Reached skill level 15 in Maces & Flails
 29759 | Orc:2    | Received a gift from Okawaru
 29762 | Orc:2    | Got a faintly glowing flail {god gift}
 29763 | Orc:2    | Identified the +6 flail "Begirph" {pain, MR+ Str+6 Int+3} (Okawaru gifted it to you on level 2 of the Orcish Mines)
 29783 | Orc:2    | Found a staircase to the Elven Halls.
 29891 | Orc:2    | Found Vaenejoh's Distillery.
 29891 | Orc:2    | Found Atsef's Food Shoppe.
 29891 | Orc:2    | Found Docwaej's Jewellery Emporium.
 29894 | Orc:2    | Found Sisatip's Antique Weapon Shop.
 29900 | Orc:2    | Bought a potion of curing for 45 gold pieces
 29900 | Orc:2    | Bought a potion of might for 60 gold pieces
 29900 | Orc:2    | Bought a potion of might for 60 gold pieces
 29900 | Orc:2    | Bought a potion of might for 60 gold pieces
 29900 | Orc:2    | Bought a potion of heal wounds for 75 gold pieces
 30289 | Spider:1 | Entered Level 1 of the Spider Nest
 30674 | Spider:1 | Noticed Roxanne
 30719 | Spider:1 | Killed Roxanne
 31022 | Spider:1 | Reached skill level 12 in Armour
 31184 | Spider:1 | Received a gift from Okawaru
 31938 | Spider:2 | Noticed Arachne
 31988 | Spider:1 | Killed Arachne
 32665 | Spider:1 | Received a gift from Okawaru
 32958 | Spider:2 | Reached XP level 17. HP: 86/117 MP: 20/20
 32995 | Spider:1 | Reached skill level 13 in Armour
 34111 | Spider:3 | Got a pair of dazzling gloves
 34125 | Spider:3 | Identified the +2 pair of gloves of the Catamount {rF- Regen+ MP+9 Str+2} (You found it on level 3 of the Spider Nest)
 34150 | Spider:3 | Noticed Mara
 34181 | Spider:3 | Noticed grindst0ne's illusion
 34191 | Spider:2 | Killed Mara
 34591 | Spider:3 | Noticed Jorgrun
 34625 | Spider:2 | Killed Jorgrun
 34943 | Spider:3 | Reached skill level 5 in Dodging
 35340 | Spider:3 | Received a gift from Okawaru
 35457 | Spider:4 | Entered Level 4 of the Spider Nest
 35794 | Spider:4 | Identified the +7 plate armour "Onwol" {rElec rC+ Dex+4} (You found it on level 15 of the Dungeon)
 36041 | Spider:4 | Reached skill level 14 in Armour
 37294 | Spider:4 | Reached XP level 18. HP: 96/126 MP: 0/21
 37325 | Spider:4 | Got a gossamer rune of Zot
 37947 | Spider:4 | Received a gift from Okawaru
 38279 | Shoals:1 | Entered Level 1 of the Shoals
 38401 | Shoals:1 | Noticed Frances
 38422 | Shoals:1 | Killed Frances
 38586 | Shoals:1 | Received a gift from Okawaru
 38586 | Shoals:1 | Reached skill level 15 in Armour
 39652 | Shoals:2 | Received a gift from Okawaru
 41596 | Shoals:3 | Received a gift from Okawaru
 42484 | Shoals:4 | Entered Level 4 of the Shoals
 42628 | Shoals:4 | Reached skill level 16 in Armour
 42640 | Shoals:4 | Reached XP level 19. HP: 132/132 MP: 22/22
 43080 | Shoals:4 | Noticed Bai Suzhen
 43858 | Shoals:4 | Got a barnacled rune of Zot
 43983 | Shoals:4 | Received a gift from Okawaru
 44390 | Shoals:4 | Killed Bai Suzhen
 44390 | Shoals:4 | Reached skill level 10 in Dodging
 44812 | Vaults:1 | Entered Level 1 of the Vaults
 44895 | Vaults:1 | Reached skill level 17 in Armour
 45552 | Vaults:1 | Received a gift from Okawaru
 45553 | Vaults:1 | Got a fine robe {god gift}
 47341 | Vaults:2 | Reached XP level 20. HP: 118/139 MP: 23/23
 47360 | Vaults:2 | Reached skill level 18 in Armour
 47460 | Vaults:2 | Received a gift from Okawaru
 47461 | Vaults:2 | Noticed Aizul
 47463 | Vaults:2 | Got an encrusted flail {god gift}
 47491 | Vaults:2 | Killed Aizul
 47494 | Vaults:2 | Identified the +4 flail of War {drain, rElec rF+ Dex+3} (Okawaru gifted it to you on level 2 of the Vaults)
 47591 | Vaults:2 | Found a staircase to the Crypt.
 47591 | Vaults:2 | Found an ancient bone altar of Kikubaaqudgha.
 47592 | Vaults:2 | Found a basalt altar of Yredelemnul.
 48928 | Vaults:3 | Found a hide-covered altar of Uskayaw.
 49007 | Vaults:3 | Received a gift from Okawaru
 50166 | Vaults:3 | Received a gift from Okawaru
 50829 | Vaults:3 | Reached skill level 19 in Armour
 51506 | Vaults:3 | Received a gift from Okawaru
 51743 | Vaults:3 | Reached XP level 21. HP: 70/144 MP: 24/24
 52721 | Vaults:4 | Received a gift from Okawaru
 53542 | Vaults:4 | Found Oschuejea's General Store.
 53552 | Vaults:4 | Bought a scroll of enchant weapon for 142 gold pieces
 53631 | Vaults:4 | Reached skill level 20 in Armour
 53794 | Vaults:4 | Found a roughly hewn altar of Beogh.
 54031 | Vaults:4 | HP: 6/144 [vault warden/vampiric glaive (25)]
 54033 | Vaults:4 | Slain by a vault warden

Skill      XL: |  1  2  3  4  5  6  7  8  9 10 11 12 13 14 15 16 17 18 19 20 21 |
---------------+----------------------------------------------------------------+-----
Fighting       | 4 5 6 7 9 10 11 12 13 14 16 17 18 19 | 19.1
Maces & Flails | 3 4 5 6 8 9 10 11 12 13 14 16 | 16.1
Shields        | 4 5 6 7 9 10 11 13 14 15 | 15.0
Invocations    | 3 5 |  5.0
Evocations     | 3 |  3.1
Dodging        | 1 3 6 9 11 13 | 13.8
Armour         | 5 8 11 12 14 16 17 19 20 | 20.1

Action                   |  1- 3 |  4- 6 |  7- 9 | 10-12 | 13-15 | 16-18 | 19-21 || total
-------------------------+-------+-------+-------+-------+-------+-------+-------++-------
Melee: Flail             |    78 |   265 |   430 |   326 |       |       |       ||  1099
       Staff             |       |       |    26 |    30 |       |       |       ||    56
       Morningstar       |       |       |       |   918 |   246 |   190 |       ||  1354
       Great mace        |       |       |       |       |   945 |       |       ||   945
       Unarmed           |       |       |       |       |     1 |       |       ||     1
       Demon whip        |       |       |       |       |   259 |  2441 |  2745 ||  5445
       Eveningstar       |       |       |       |       |       |    85 |    91 ||   176
Invok: Heroism           |       |       |       |     8 |    25 |    42 |    35 ||   110
       Finesse           |       |       |       |       |     2 |       |       ||     2
 Abil: Fly               |       |       |       |       |     1 |       |       ||     1
       Evoke Berserk Rag |       |       |       |       |     1 |       |       ||     1
Evoke: Wand              |       |       |       |     4 |    21 |    14 |     1 ||    40
       Lamp of fire      |       |       |       |       |     2 |     1 |     2 ||     5
       Lightning rod     |       |       |       |       |       |     4 |     4 ||     8
  Use: Potion            |       |     1 |     3 |     5 |    15 |     6 |    10 ||    40
       Scroll            |       |       |    14 |     6 |    20 |    11 |     7 ||    58
 Stab: Paralysed         |       |     1 |       |       |       |       |       ||     1
       Invisible         |       |       |       |       |     7 |       |     9 ||    16
  Eat: Chunk             |       |     6 |    16 |    21 |    35 |    29 |    28 ||   135
       Bread ration      |       |       |     1 |     5 |     1 |     5 |     1 ||    13
       Meat ration       |       |       |       |       |       |       |     1 ||     1
Armor: Scale mail        |    51 |   166 |   193 |       |       |       |       ||   410
       Chain mail        |       |       |    39 |       |       |       |       ||    39
       Plate armour      |       |       |       |  1201 |       |       |       ||  1201
       Skin              |       |       |       |     2 |       |       |       ||     2
       Crystal plate arm |       |       |       |   229 |  1610 |  2363 |  1327 ||  5529
Dodge: Dodged            |    35 |    98 |   116 |   306 |   476 |   788 |   899 ||  2718
       Deflected         |       |       |       |     1 |    20 |    42 |    36 ||    99
Block: Shield            |    58 |   161 |   240 |  1020 |   232 |  2243 |  1677 ||  5631
